[Event "Baku Open 2024"]
[Site "Baku"]
[Date "2024.06.29"]
[Round "1.11"]
[White "Saravana, Krishnan P."]
[Black "Gokerkan, Cem Kaan"]
[Result "1-0"]
[ECO "B81"]
[WhiteElo "2236"]
[BlackElo "2512"]
[Annotator "TA"]
[PlyCount "69"]
[EventDate "2024.06.29"]
[EventType "swiss"]
[EventCountry "AZE"]
[SourceTitle "playchess.com"]
[Source "ChessBase"]
[SourceQuality "1"]
[TimeControl "5400+30"]

1. e4 c5 2. Nf3 d6 3. d4 cxd4 4. Nxd4 Nf6 5. Nc3 a6 6. Be3 e6 7. g4 e5 8. Nf5 g6 9. g5 gxf5 10. exf5 d5 11. Qf3 d4 12. O-O-O {[%emt 0:03:53] Hoping for Bxd4.} Nbd7 (12... Nfd7 13. Bxd4 exd4 14. Re1+ Be7 15. Nd5 (15. f6 Nc6 $11)) 13. gxf6 $2 (13. Bc4 $11 dxe3 14. gxf6 Qxf6 15. fxe3 (15. Qxe3 $2 Bh6 $19)) 13... dxc3 $19 (13... dxe3 14. Qxe3 Qb6 (14... Qxf6 15. Nd5 $14) 15. Qe2 $11) 14. Bg5 $2 (14. Kb1 Qc7 (14... Qxf6 15. Bc4 $17) 15. Re1) 14... h6 $2 (14... cxb2+ $19 15. Kb1 Qc7) 15. Bc4 $17 {[%emt 0:06:30][%cal Oc4f7] [#] Bxf7+! would kill now.} Qb6 $1 (15... hxg5 16. Bxf7+ Kxf7 17. Qd5+ Kxf6 18. Qe6+ Kg7 19. Qg6#) 16. Bxf7+ Kd8 $1 17. Qxc3 {[%emt 0:04:41] Be3 is the strong threat.} Qc5 (17... hxg5 $19 18. Qxe5 Qc5 (18... Qxf2 $2 19. Kb1 $19)) 18. Qh3 $18 Kc7 19. Rd3 {[%emt 0:03:06] Threatens to win with Rc3.} Qb6 20. Be6 $2 ({White should play} 20. Rc3+ $18 Nc5 21. Be3) 20... Bb4 $2 (20... Nc5 $11 {and Black has nothing to worry.} 21. Rc3 hxg5 22. Qxh8 Bxe6 23. fxe6 Qxe6) 21. Be3 (21. Bxh6 Nc5 22. Rg3 Bxe6 (22... Nxe6 23. fxe6 Bxe6 24. Rg7+ Kb8 25. Be3 $19) 23. fxe6 Nxe6 $17) 21... Nc5 22. Rd5 Qc6 (22... Bxe6 23. fxe6 Qc6) 23. Rhd1 Nxe6 $2 (23... Bxe6 24. fxe6 Rad8 25. Rxd8 (25. Rxe5 $2 Rxd1+ 26. Kxd1 Qd6+ 27. Ke2 Qxe5 $19) 25... Rxd8) 24. Qg3 Kb8 25. fxe6 Qxe6 26. f7 (26. Qxe5+ Qxe5 27. Rxe5 b6 $18) 26... Rf8 27. Rxe5 (27. Qxe5+ Qxe5 28. Rxe5 Rxf7 $14) 27... Qg4 {[%emt 0:00:35] Black is weak on the dark squares} 28. Qxg4 (28. Bxh6 Qxg3 (28... Rxf7 $2 29. Qxg4 Bxg4 30. Rd4 $18) 29. hxg3 Rxf7 $11) 28... Bxg4 29. Rd4 (29. Bb6 $142 Rc8 30. Rd4) 29... Bc8 30. Rxb4 Rxf7 31. Bb6 {[%emt 0:00:40] Black must now prevent Re8.} (31. Bxh6 b5 32. Be3 Bd7 $18) 31... a5 32. Rc4 {[%emt 0:00:15][%cal Oe5e8] Intending Re8! and mate.} ({But not} 32. Rxa5 Rxa5 33. Bxa5 Rxf2 $18) (32. Rh4 Ra6 $18) 32... Ra6 $2 {[%emt 0:00:42] [#]} (32... Rf6 $18 33. Bc7+ (33. Bxa5 Be6 $18) 33... Ka7 34. Rxa5+ (34. Bxa5 Bd7 $18) 34... Ra6 35. Rxa6+ bxa6) 33. Re8 $1 {[%emt 0:00:15][%csl Gc4][%cal Re8c8] White mates.} ({Less strong is} 33. Bxa5 Be6 $18) 33... Rxb6 34. Rcxc8+ Ka7 35. Ra8# {[%emt 0:00:06] Weighted Error Value: White=0.92/Black=0.93.  Loses game:     	White=1     	Black=1      Missed win:     	White=1     	Black=2      Mistake:       	White=1     	Black=3      Inaccurate:     	White=2     	Black=1      OK:         	White=3     	Black=1      Best:        	White=4     	Black=2      Strong:       	White=1     	Black=2} 1-0

[Event "Baku Open 2024"]
[Site "Baku"]
[Date "2024.06.29"]
[Round "1.12"]
[White "Zhalmakhanov, Ramazan"]
[Black "Wagh Suyog"]
[Result "1-0"]
[ECO "B12"]
[WhiteElo "2505"]
[BlackElo "2230"]
[Annotator "TA"]
[PlyCount "109"]
[EventDate "2024.06.29"]
[EventType "swiss"]
[EventCountry "AZE"]
[SourceTitle "playchess.com"]
[Source "ChessBase"]
[SourceQuality "1"]
[TimeControl "5400+30"]

1. e4 c6 2. d4 d5 3. f3 Qb6 4. Nc3 dxe4 5. fxe4 e5 $1 6. Nf3 exd4 7. Qxd4 Qxd4 8. Nxd4 {[%emt 0:00:36] The position is equal.} Bc5 9. Nf3 Be6 {[%emt 0:07:49] Repels Bc4} 10. Ng5 Nd7 11. Bf4 Ngf6 12. Nxe6 fxe6 13. Bc4 Nh5 14. Bd2 Ke7 15. O-O-O {[%emt 0:00:31][%cal Oe4e5] e5! would now be deadly.} (15. e5 $5 Nxe5 16. Bb3 $11) 15... Ne5 16. Be2 Nf6 17. Bf4 Nfd7 18. h4 h6 19. g3 b5 20. h5 Rhf8 21. Nb1 a5 22. Nd2 a4 23. c3 Rf7 24. Kc2 Raf8 25. b3 axb3+ 26. axb3 Ra8 27. Ra1 (27. b4 {looks sharper.} Bb6 28. Kb3 Ra7 29. Ra1) 27... Rff8 28. b4 Bb6 29. Nb3 Rxa1 30. Rxa1 g5 31. hxg6 Nxg6 32. Bxh6 Rf2 33. Bg5+ $1 Kd6 34. Rd1+ Kc7 35. Rd2 {[%emt 0:00:06] Bh5 is the strong threat.} Rg2 $1 36. Bg4 Rxg3 37. Bxe6 Nde5 38. Bf6 Be3 39. Rh2 Kd6 40. Bf5 $36 {[%emt 0:00:23][%cal Ob3c5][%mdl 2048] White has some pressure. A strong pair of Bishops.} Nc4 41. Nc5 {[%emt 0:01:13][%cal Oe4e5] [#] And now e5+! would win.} Bxc5 ({Better is} 41... Nge5 $14) 42. bxc5+ $16 Kxc5 $2 (42... Kc7 $16 {is a better defense.}) 43. Bd4+ $18 Kd6 44. Rh6 c5 $2 (44... Rg2+ 45. Kc1 c5 46. Rxg6+ Rxg6 47. Bxg6 cxd4 48. cxd4 Ke7) 45. Bf2 ({Less strong is} 45. Bxg6 Rg2+ 46. Kc1 cxd4 $14) 45... Rg2 {[%emt 0:00:54][%cal Oc4e5] [#] Strongly threatening ...Nce5!} 46. Rxg6+ Rxg6 47. Bxg6 b4 48. cxb4 {[%emt 0:01:26] White mates.} cxb4 49. Bd4 Na3+ 50. Kb3 Nb5 51. Kc4 Nc7 52. Kxb4 Ne6 53. Kc4 Nd8 54. Bf5 Nf7 55. Bf6 {[%emt 0:03:46] Weighted Error Value: White=0.07 (flawless) /Black=0.29 (precise) .  Loses game:     	---       	Black=2      Mistake:       	---       	Black=2      Inaccurate:     	White=4     	Black=5      OK:         	White=9     	Black=14     Best:        	White=3     	Black=3      Strong:       	White=1     	Black=1} 1-0

[Event "Baku Open 2024"]
[Site "Baku"]
[Date "2024.06.29"]
[Round "1.14"]
[White "Yeletsky, Ivan"]
[Black "Guliev, Sarhan"]
[Result "1-0"]
[ECO "D30"]
[WhiteElo "2498"]
[BlackElo "2224"]
[Annotator "TA"]
[PlyCount "69"]
[EventDate "2024.06.29"]
[EventType "swiss"]
[EventCountry "AZE"]
[SourceTitle "playchess.com"]
[Source "ChessBase"]
[SourceQuality "1"]
[TimeControl "5400+30"]

1. d4 d5 2. c4 e6 3. Nf3 c5 4. cxd5 exd5 5. g3 Nc6 6. Bg2 Nf6 7. O-O Be7 8. dxc5 Bxc5 9. a3 O-O 10. b4 Bb6 11. Nc3 h6 {[%emt 0:08:50] Against Bg5} 12. Na4 Re8 {[%emt 0:04:16] White is slightly better.} 13. Nxb6 axb6 14. Bb2 Bg4 15. Rc1 Ne4 16. Nd4 {[%emt 0:01:25] Strongly threatening f3.} Bd7 17. Nc2 Qg5 18. h4 Qh5 19. e3 ({White should play} 19. b5 $1 $16 ) 19... Qf5 $14 {[%emt 0:07:59] [#]} 20. g4 Qg6 (20... Qxg4 $2 21. Qxg4 (21. Qxd5 Nf6 $11) (21. f3 Qxh4 22. fxe4 Bg4 $18) 21... Bxg4 22. f3 $18) (20... Qe6 $1 $11) 21. f3 {[%emt 0:01:20][%cal Oh4h5] And now h5! would win.} Nf6 22. Rf2 Ne5 23. Bxe5 Rxe5 24. Qd4 $36 {[%emt 0:11:58][%mdl 2048] White has some pressure.} Rae8 {[%emt 0:01:50][%cal Ba8e8,Be8e2,Be2a2][%mdl 32] [#]} 25. h5 $1 (25. Qxb6 Ba4 $11) 25... Nxh5 26. f4 $1 $18 (26. gxh5 Rxh5 27. Ne1 Bb5 $16) 26... Nxf4 27. exf4 (27. Qxf4 Rg5 $11) (27. Rxf4 $6 Rg5 $16) 27... Re2 28. Rxe2 (28. Bxd5 $2 Qxg4+ 29. Kh1 (29. Rg2 $2 Rxg2+ 30. Bxg2 Bc6 $19) 29... Rxf2 30. Qxf2 Re2 $19 (30... Qh5+ $2 31. Kg1 $19)) (28. Qxd5 Bc6 29. Qf5 Rxf2 30. Kxf2 Qd6 31. Bxc6 Qd2+ 32. Kf3 bxc6 $11) 28... Rxe2 29. Ne3 (29. Qxd5 Bc6 (29... Qxg4 $2 30. Qf3 $18) 30. Qd8+ Kh7 31. Bxc6 bxc6 $11 (31... Rxc2 $2 32. Rxc2 Qxc2 33. Bf3 $18)) 29... Bxg4 30. Kf1 (30. Nxd5 $2 Bh3 $19) 30... Qe6 (30... Qh5 {was necessary.}) 31. Re1 {[%emt 0:06:18] Active counter play!} (31. Nxd5 Bh5 $18) 31... Ra2 32. Nxd5 (32. Bxd5 Bh3+ 33. Kg1 Qg6+ 34. Kh1 Bf5 $16) 32... Be2+ $2 (32... Qd7 33. Re7 (33. Qxb6 $2 Bh3 $19) 33... Qc8) 33. Kg1 Qg4 34. Ne7+ (34. Nxb6 Bf1 35. Re8+ Kh7 36. Qe4+ f5 $15) 34... Kh7 {[%emt 0:00:29] [#]} 35. Qd8 $1 {[%emt 0:00:15] Weighted Error Value: White=0.10 (very precise) /Black=0.54.  Mistake:       	White=2     	Black=4      Inaccurate:     	White=1     	Black=3      OK:         	White=13    	Black=7      Best:        	White=3     	---        Strong:       	White=1     	---} (35. Qxb6 $2 {loses.} Bf1 $19 (35... Rxa3 36. Qd8) (35... Bf3 $2 36. Qf2 $19) (35... Rxa3 36. Qd8) (35... Bf3 $2 36. Qf2 $19)) 1-0

[Event "Baku Open 2024"]
[Site "Baku"]
[Date "2024.06.29"]
[Round "1.15"]
[White "Amangeldy, Ernur"]
[Black "Shyam, Sundar M."]
[Result "0-1"]
[ECO "C87"]
[WhiteElo "2223"]
[BlackElo "2493"]
[Annotator "TA"]
[PlyCount "70"]
[EventDate "2024.06.29"]
[EventType "swiss"]
[EventCountry "AZE"]
[SourceTitle "playchess.com"]
[Source "ChessBase"]
[SourceQuality "1"]
[TimeControl "5400+30"]

1. e4 e5 2. Nf3 Nc6 3. Bb5 a6 4. Ba4 Nf6 5. O-O Be7 6. Re1 d6 7. Bxc6+ bxc6 8. d4 Nd7 9. dxe5 dxe5 10. Nbd2 f6 11. Nb3 Nb6 (11... a5 $11) 12. Qe2 {[%emt 0:00:30] White is slightly better.} O-O 13. Na5 Qe8 14. Be3 Bg4 15. Red1 (15. Bd2 $1 $14) 15... Kh8 16. a4 {[%emt 0:00:30] [#]} (16. h3 $11 {remains equal.} Bh5 17. g4) 16... f5 $1 $17 17. h3 Bh5 18. exf5 {[%emt 0:00:30] Black must now prevent g4.} e4 19. g4 (19. Bxb6 $2 exf3 (19... cxb6 $2 20. Qxe4 bxa5 21. g4 $19) 20. Qe4 cxb6 $19) 19... exf3 20. Qxf3 {[%emt 0:00:30][%cal Oa5c6] And now Nxc6! would win.} Bf7 {[%emt 0:00:30] aiming for ...Bd5.} 21. Qxc6 {[%emt 0:00:30] [#]} Nc4 $1 22. Qxe8 Raxe8 23. Nxc4 Bxc4 24. b3 Be2 25. Rd7 Bf6 $36 {[%emt 0:00:30][%mdl 2048] White is under strong pressure.} 26. Re1 ({Better is} 26. Bd4) 26... Bf3 27. Rxc7 h5 28. Rc4 ({Don't blunder} 28. g5 $2 Bxg5 29. Kf1 Bf6 $19 (29... Rxf5 $2 30. Bxg5 Rxe1+ 31. Kxe1 $19)) 28... Kg8 29. Kf1 ({White should try} 29. gxh5 Bxh5 30. h4) 29... Bd5 {[%emt 0:00:30] Black is more active. A strong pair of Bishops.} (29... Rc8 $142 {Threatens to win with ...Rxc4.} 30. Rf4 Ba8 31. gxh5 Rxc2) 30. Rc5 Bf3 (30... Be4 $17 31. f4 Rc8 32. Rxc8 Rxc8) 31. Rc4 $1 $19 hxg4 32. hxg4 Rc8 33. Rxc8 (33. Bc5 $17 Rfd8 34. b4) 33... Rxc8 34. g5 $2 (34. Bf4) 34... Bc3 {[%emt 0:00:30][%cal Og8f7] ...Kf7! would now be deadly.} 35. Rc1 (35. Bb6 $19 Bxe1 36. Kxe1 Rxc2 37. Be3) 35... Kf7 {[%emt 0:00:30] Weighted Error Value: White=0.52/Black=0.17 (very precise) .  Mistake:       	White=7     	Black=3      Inaccurate:     	White=2     	Black=2      OK:         	White=7     	Black=11     Best:        	White=3     	Black=5      Strong:       	White=1     	Black=1} 0-1

[Event "Baku Open 2024"]
[Site "Baku"]
[Date "2024.06.29"]
[Round "1.16"]
[White "Movahed, Sina"]
[Black "Serikbay, Assel"]
[Result "1-0"]
[ECO "B90"]
[WhiteElo "2482"]
[BlackElo "2217"]
[Annotator "RC"]
[PlyCount "118"]
[EventDate "2024.06.29"]
[EventType "swiss"]
[EventCountry "AZE"]
[SourceTitle "playchess.com"]
[Source "ChessBase"]
[SourceQuality "1"]
[TimeControl "5400+30"]

1. e4 c5 2. Nf3 d6 3. d4 cxd4 4. Nxd4 Nf6 5. Nc3 a6 6. Bd3 e5 7. Nde2 Be7 8. O-O O-O 9. Ng3 Be6 10. Nd5 Bxd5 11. exd5 g6 12. c4 Nbd7 13. Kh1 Rc8 14. b3 Re8 15. f4 exf4 16. Bxf4 Bf8 17. Qf3 Qb6 18. Rad1 Bg7 19. Bf5 gxf5 20. Nxf5 Bf8 21. Qg3+ Kh8 22. Bh6 Bxh6 23. Nxh6 Re7 24. Rde1 Rg8 25. Nxg8 Rxe1 26. Qxe1 Kxg8 27. Qe7 Kg7 28. h3 Qb4 29. Rf3 Qd2 30. Kh2 Qd4 31. Rg3+ Kh6 32. Qxd6 Qe5 33. Qxe5 Nxe5 34. Kg1 Ng6 35. d6 Kg7 36. b4 Nd7 37. h4 Kf6 38. h5 Nf4 39. Re3 Ne5 40. c5 Ne6 41. a3 Nd7 42. Rf3+ Kg7 43. Kf2 Ne5 44. Rg3+ Kf6 45. Rg8 Nd7 46. Rc8 Nd4 47. Rc7 Ke6 48. Rxb7 a5 49. h6 axb4 50. axb4 Ne5 51. Ke3 Nc2+ 52. Kd2 Nd4 53. Kc3 Kd5 54. Rb8 Nf5 55. Re8 Nd7 56. Rd8 Ne5 57. Rc8 Nxh6 58. Rc7 Ke6 59. Re7+ Kd5 1-0

[Event "Baku Open 2024"]
[Site "Baku"]
[Date "2024.06.29"]
[Round "1.17"]
[White "Aslanov, Umid"]
[Black "Ahmadzada, Ahmad"]
[Result "0-1"]
[ECO "C54"]
[WhiteElo "2216"]
[BlackElo "2481"]
[Annotator "TA"]
[PlyCount "60"]
[EventDate "2024.06.29"]
[EventType "swiss"]
[EventCountry "AZE"]
[SourceTitle "playchess.com"]
[Source "ChessBase"]
[SourceQuality "1"]
[TimeControl "5400+30"]

1. e4 e5 2. Nf3 Nc6 3. Bc4 Nf6 4. d3 Bc5 5. c3 d6 6. O-O Bb6 7. a4 O-O 8. h3 a5 9. Re1 Ne7 {[%emt 0:01:56] The position is equal.} 10. d4 Ng6 11. Bf1 d5 12. dxe5 Nxe4 (12... dxe4 {seems wilder.} 13. exf6 Qxd1 14. Rxd1 exf3 15. fxg7 Re8) 13. Be3 Bxe3 14. Rxe3 Nc5 15. Nbd2 Bd7 16. Bb5 c6 17. Bf1 Qb6 18. Qc2 f6 19. exf6 Rxf6 20. c4 Raf8 21. cxd5 cxd5 22. h4 Kh8 23. Rc1 {[%emt 0:01:39] [#]} Qd8 $1 24. h5 {[%emt 0:00:59] [#]} (24. Qxc5 Rc6 $17 (24... Bxa4 $2 25. Qc7 $18) (24... Bxa4 $2 25. Qc7 $18)) (24. Rce1 b6) 24... Nf4 25. Ng5 ({Much worse is} 25. Qxc5 Rc6 (25... Nxh5 $2 26. Qe7 $18) (25... Nxh5 $2 26. Qxd5 Nf4 27. Qxb7 $18)) 25... Ncd3 26. Nxh7 $2 {[%emt 0:03:10][%mdl 8192] [#] This move loses the game for White.} ({White should try} 26. Rxd3 $15 Rc6 27. Nf7+ Rxf7 28. Rc3) 26... Nb4 $1 $19 ({Worse is} 26... Nxc1 27. Nxf8 Rxf8 28. Qxc1 $16) 27. Nxf6 $2 ({Of course not} 27. Qb1 Bf5 28. Nxf8 Bxb1 29. Ng6+ Bxg6 (29... Nxg6 $2 30. Rxb1 Nh4 31. Be2 $19) 30. hxg6 Rf8 $19 (30... Rxg6 $2 31. g3 $19) (30... Nxg6 $2 31. Rd1 $19)) (27. Qc7 Kxh7 28. Qxd8 Rxd8 29. Rc7) 27... Nxc2 {[%emt 0:00:10] Black is clearly winning.} 28. Nxd7 Nxe3 29. fxe3 Qxd7 30. exf4 Qxa4 {[%emt 0:00:08] Weighted Error Value: White=0.61/Black=0.02 (flawless) .  Loses game:     	White=1     	---        Mistake:       	White=1     	---        Inaccurate:     	White=3     	---        OK:         	White=11    	Black=9      Best:        	---       	Black=1      Strong:       	---       	Black=2} 0-1

[Event "Baku Open 2024"]
[Site "Baku"]
[Date "2024.06.29"]
[Round "1.18"]
[White "Tsaruk, Maksim"]
[Black "Bizhigitov, Zhangir"]
[Result "1-0"]
[ECO "C65"]
[WhiteElo "2480"]
[BlackElo "2212"]
[Annotator "TA"]
[PlyCount "95"]
[EventDate "2024.06.29"]
[EventType "swiss"]
[EventCountry "AZE"]
[SourceTitle "playchess.com"]
[Source "ChessBase"]
[SourceQuality "1"]
[TimeControl "5400+30"]

1. e4 e5 2. Nf3 Nc6 3. Bb5 Nf6 4. d4 exd4 5. O-O Bc5 6. Bg5 ({White should try} 6. c3 $11) 6... O-O (6... h6 $15 7. Bxf6 Qxf6) 7. e5 (7. Bxc6 $5 dxc6 8. e5 $17) 7... Nxe5 {[%emt 0:00:00] Black cannot hold the game after this.} 8. Nxe5 $18 {[%emt 0:00:00] White is clearly better.} h6 (8... d6 $142) 9. Bh4 d6 {[%emt 0:00:00] [#]} 10. Nd3 ({Better is} 10. Nf3 $1 $18) 10... Bb6 $16 11. Re1 c6 {[%emt 0:00:00] [#]} 12. Ba4 Bd7 (12... g5 $16) 13. Nd2 $18 {[%emt 0:00:00][%cal Bb1d2,Bd2e4,Be4d6,Bd6f7][%mdl 32] Black must now prevent Ne4.} Re8 (13... g5) 14. Rxe8+ Qxe8 15. Bxf6 gxf6 16. Qh5 Kh7 17. Re1 {[%emt 0:00:00] Wards off d5} Qg8 18. Ne4 Qg7 19. Nxd6 Bg4 20. Qxf7 Qxf7 21. Nxf7 {[%emt 0:00:00] A dynamic duo of knights.} Rg8 22. Bb3 Bh3 23. Nf4 Bg4 24. Nxh6 Rg5 25. Nxg4 Rxg4 26. g3 Ba5 27. Re7+ Kh6 28. h4 Bd8 29. Rxb7 Bb6 30. Rb8 {[%emt 0:00:00] aiming for Rh8+.} Rg7 31. Be6 {[%emt 0:00:00] Bf5 would kill now.} Bc7 32. Rh8+ Rh7 33. Rxh7+ Kxh7 34. Bd7 c5 35. Bf5+ Kh8 36. h5 Bd6 37. h6 {[%emt 0:00:00] Threatens to win with Ne6.} a5 38. Ne6 {[%emt 0:00:00] Threatening mate with Nd8.} a4 39. Nd8 {[%emt 0:00:00] White mates.} c4 40. Nf7+ Kg8 41. Nxd6 c3 42. bxc3 dxc3 43. h7+ Kh8 44. Nf7+ Kg7 45. h8=Q+ Kxf7 46. Qh7+ Ke8 47. Be6 Kd8 48. Qd7# {[%emt 0:00:00] Weighted Error Value: White=0.17 (very precise) /Black=0.61.  Mistake:       	White=1     	Black=5      OK:         	White=9     	Black=1      Best:        	White=1     	Black=1} 1-0

[Event "Baku Open 2024"]
[Site "Baku"]
[Date "2024.06.29"]
[Round "1.19"]
[White "Vrashank Chouhan"]
[Black "Assaubayeva, Bibisara"]
[Result "0-1"]
[ECO "E71"]
[WhiteElo "2209"]
[BlackElo "2472"]
[Annotator "TA"]
[PlyCount "74"]
[EventDate "2024.06.29"]
[EventType "swiss"]
[EventCountry "AZE"]
[SourceTitle "playchess.com"]
[Source "ChessBase"]
[SourceQuality "1"]
[TimeControl "5400+30"]

1. d4 Nf6 2. c4 g6 3. Nc3 Bg7 4. e4 d6 5. h3 O-O 6. Be3 a5 7. Nf3 a4 8. a3 (8. Nxa4 $6 Nxe4 9. Bd3 Bf5 $15) 8... e5 {[%emt 0:05:41] White is slightly better.} 9. d5 c6 10. Nd2 (10. Nxa4 Qa5+ 11. Nc3 Nxe4 $17) 10... Qa5 11. g4 Bd7 12. Bd3 (12. Be2 $16) 12... Na6 $11 13. O-O Nc5 14. Bc2 cxd5 15. cxd5 Qa6 16. b4 axb3 17. Nxb3 Na4 18. Na2 (18. Nxa4 $142 Bxa4 19. Bd3) 18... Rac8 19. Bd3 Qa8 20. Qd2 {[%emt 0:01:20] Dodges Nb2} (20. Qe2 $11) 20... Nc5 (20... Nxe4 $15 21. Bxe4 f5) 21. Nxc5 $14 dxc5 22. Nc3 Ne8 23. Rfb1 f5 24. f3 (24. gxf5 {keeps more tension.} gxf5 25. exf5 e4 26. Nxe4 b5 27. Nxc5 Bxf5 28. Ne6) 24... Nd6 25. Rb6 Qb8 26. a4 Qc7 27. Rab1 Ra8 28. Bg5 (28. Qd1 $14 {keeps the upper hand.}) 28... Rf7 ({Black should play} 28... c4 $17 29. Bc2 (29. Be7 Bb5 $11) 29... fxg4 30. fxg4 Rf3) 29. exf5 (29. Be2 {with more complications.} c4 30. Be3 h5 31. gxf5 gxf5 32. Kh1) 29... gxf5 30. gxf5 Bxf5 31. Bxf5 Rxf5 32. Qg2 {[%emt 0:00:09] Ne4 would now be deadly.} (32. Ne4 Nc4 33. d6 Qf7 $11 (33... Qxb6 $2 34. Qd5+ Rf7 35. Rxb6 $18)) 32... Ra6 {[%emt 0:05:55] [#]} (32... c4 $1 $11 {keeps the balance.}) 33. R6b2 $2 ({Better is} 33. Rxa6 $1 $16 bxa6 34. Ne4) 33... Qf7 (33... Rf7 $5) 34. Kh1 $2 (34. Rb6 $1 $11 {and White stays safe.} Qh5 (34... Rxf3 $2 35. Rxa6 bxa6 36. Rb8+ Ne8 37. Rxe8+ Qxe8 38. Qxf3 $18) 35. Be7 Rxb6 36. Rxb6) 34... Rxf3 $19 35. Nb5 (35. Bh6 $142 Rxc3 36. Bxg7 Qxg7 37. Rg1) 35... Ne4 (35... Qxd5 36. Nxd6 Rxd6 37. Rd2 Rxh3+ 38. Kg1 Qxg2+ 39. Rxg2 $15) 36. Bh4 (36. d6 $142 Qf5 (36... Nxd6 37. Nxd6 Rxd6 38. Rxb7 $11) (36... Rxa4 37. d7 $11) 37. Rb3 Nxg5 38. Rxf3 Qxb1+ (38... Nxf3 $2 39. Rd1 $19) 39. Rf1) 36... Rg6 ({Weaker is} 36... Rxa4 37. Nd4 Rxd4 (37... exd4 $2 {loses.} 38. Rxb7 $18) 38. Rxb7 $17) 37. Qh2 Rf1+ {[%emt 0:00:11] Weighted Error Value: White=0.82/Black=0.21 (precise) .  Loses game:     	White=1     	---        Mistake:       	White=7     	Black=3      Inaccurate:     	White=3     	Black=4      OK:         	White=7     	Black=11     Best:        	White=2     	Black=3} 0-1

[Event "Baku Open 2024"]
[Site "Baku"]
[Date "2024.06.29"]
[Round "1.20"]
[White "Babazada, Khazar"]
[Black "Javadov, Habil"]
[Result "0-1"]
[ECO "C00"]
[WhiteElo "2468"]
[BlackElo "2195"]
[Annotator "TA"]
[PlyCount "82"]
[EventDate "2024.06.29"]
[EventType "swiss"]
[EventCountry "AZE"]
[SourceTitle "playchess.com"]
[Source "ChessBase"]
[SourceQuality "1"]
[TimeControl "5400+30"]

1. Nf3 e6 2. g3 d5 3. Bg2 Nf6 4. O-O Be7 5. d3 c5 6. Nbd2 Nc6 7. e4 b6 8. Re1 Bb7 9. e5 Nd7 10. Nf1 Qc7 11. Bf4 h6 12. h4 O-O-O 13. Qd2 (13. N1h2 $15) 13... Rdg8 $17 14. h5 g5 15. hxg6 {[%emt 0:00:35] Black is slightly better.} Rxg6 (15... fxg6 $5 16. Bxh6 g5 17. Bxg5 Ndxe5 18. Bxe7 Nxf3+ 19. Bxf3 Qxe7 $11) 16. Ne3 {[%emt 0:05:32][%cal Oe3d5] Dodges h5} Nd4 (16... Ndxe5 $2 17. Nxe5 (17. Nxd5 Nxf3+ 18. Bxf3 Qd7 $11) 17... Nxe5 18. Nxd5 Bxd5 19. Bxe5 $18) 17. Nh2 (17. Nxd4 $11 cxd4 18. Nd1) 17... Qd8 {[%emt 0:08:37] Black is more active.} (17... Nxe5 $2 18. Neg4 f6 (18... Rxg4 $2 19. Bxe5 Bd6 20. Nxg4 $18) 19. Nxe5 fxe5 20. Bxe5 $18) 18. Qd1 (18. c3 $15 Nc6 19. d4) 18... h5 19. c3 Nc6 20. d4 h4 21. Neg4 Bg5 22. Qd2 Qg8 23. dxc5 $2 {[%emt 0:03:59] White does not recover from this.} (23. Bxg5 $17 {might work better.} Rxg5 24. Qf4) 23... hxg3 $19 (23... bxc5 24. Qe2 (24. Bxg5 $2 Rxg5 25. Qf4 Qg7 $19)) (23... Nxc5 24. Bxg5 Rxg5 25. Nf6 $19) 24. fxg3 Bxf4 ({Don't do} 24... bxc5 25. Rad1 $19) 25. Qxf4 {[%emt 0:00:14] [#]} Rxh2 $1 26. Nxh2 Rxg3 ({Worse is} 26... Nxc5 27. Re3 $14) 27. Re2 Ncxe5 {[%emt 0:02:04] Threatens to win with ...d4.} ({But not} 27... bxc5 28. Kh1 $19) 28. Kh1 bxc5 29. Rg1 {[%emt 0:00:49] [#]} Nd3 {[%emt 0:02:10] A dynamic duo of knights.} 30. Qd6 e5 31. Rf1 Rg6 32. Qe7 Nf4 33. Rxf4 exf4 34. Nf3 $2 {[%emt 0:00:04] [#]} (34. Qe8+ Qxe8 35. Rxe8+ Kc7 36. Re2) 34... d4 $1 {[%emt 0:00:56][%cal Og6g2] White must now prevent ...Rxg2! Black is clearly winning.} 35. Qe8+ Qxe8 36. Rxe8+ Kc7 {[%emt 0:00:22] And now ...Rg3 would win.} 37. cxd4 cxd4 38. Re1 Rg3 39. Rc1+ Kb6 40. Ne1 f3 41. Bxf3 Rxf3 {[%emt 0:00:00] Weighted Error Value: White=0.48/Black=0.14 (very precise) .  Loses game:     	White=1     	---        Mistake:       	White=3     	---        Inaccurate:     	White=1     	Black=3      OK:         	White=8     	Black=9      Best:        	White=2     	Black=1      Brilliant:      	---       	Black=2} 0-1